[ AOE2 MATCH · #479212573 ]
1v1 RMKoreans vs Franks
Player's team · WIN
Rival team · LOSS
[ REPLAY ANALYSIS · EXTRACTED FROM THE RECORDED GAME ]
Feudal
14:44
Castle
22:17
Imperial
—
| APM avg | 27.9 |
| APM peak | 64 |
| eAPM avg | 15.6 |
| Villagers / military | 83 / 29 |
Focus
⚔️ 22.3% · 🌾 77.7%
Fire Galley ×10 · Fishing Ship ×8 · Knight ×6 · Spearman ×4 · Scout Cavalry ×4 · Turtle Ship ×3
Feudal
—
Castle
—
Imperial
—
| APM avg | 15.7 |
| APM peak | 48 |
| eAPM avg | 11.8 |
| Villagers / military | 83 / 49 |
Focus
⚔️ 26.0% · 🌾 74.0%
Knight ×37 · Fishing Ship ×7 · Scout Cavalry ×6 · Battering Ram ×4 · Galley ×2 · Unknown (2626) ×2
Match map
Initial resources + every placement click. Lines = walls · curves = elevation contours. ◆ gold · ⬟ stone · ● berries · ✦ relic · ◌ wall gap
Your base· Open — unwalled flank
CrabAML's base· Open — 12t gap
Smoothed initial terrain · ◌ = detected wall gap · hover for details
Inputs per minute
— CarbOS - - CrabAML
Build order — CarbOS
First 150 of 208 actions detected
| 0:25 | Build | Town Center |
| 0:40 | Build | House |
| 0:44 | Build | Dock |
| 1:09 | Build | House |
| 2:29 | Create | Villager (Male) |
| 2:30 | Create | Villager (Male) |
| 2:30 | Create | Villager (Male) |
| 2:30 | Create | Villager (Male) |
| 4:18 | Create | Villager (Male) |
| 4:19 | Create | Villager (Male) |
| 5:00 | Create | Villager (Male) |
| 5:33 | Create | Villager (Male) |
| 5:36 | Create | Villager (Male) |
| 5:36 | Create | Villager (Male) |
| 5:38 | Create | Villager (Male) |
| 6:08 | Build | House |
| 6:09 | Build | House |
| 6:12 | Create | Villager (Male) |
| 6:12 | Create | Villager (Male) |
| 6:37 | Create | Villager (Male) |
| 6:37 | Create | Villager (Male) |
| 6:45 | Create | Fishing Ship |
| 7:19 | Research | Loom |
| 7:21 | Create | Fishing Ship |
| 7:35 | Build | House |
| 7:36 | Build | House |
| 7:44 | Create | Villager (Male) |
| 7:45 | Create | Villager (Male) |
| 7:45 | Create | Villager (Male) |
| 8:19 | Create | Villager (Male) |
| 8:40 | Build | House |
| 9:01 | Create | Villager (Male) |
| 9:02 | Create | Fishing Ship |
| 9:03 | Create | Fishing Ship |
| 9:11 | Build | Mining Camp |
| 9:30 | Create | Fishing Ship |
| 9:49 | Create | Villager (Male) |
| 10:09 | Create | Villager (Male) |
| 10:09 | Create | Villager (Male) |
| 10:47 | Create | Villager (Male) |
| 11:06 | Build | Barracks |
| 11:18 | Build | Barracks |
| 11:19 | Create | Villager (Male) |
| 11:33 | Create | Villager (Male) |
| 11:49 | Build | House |
| 12:08 | Create | Villager (Male) |
| 12:17 | Build | House |
| 12:31 | Build | Mining Camp |
| 12:33 | Research | Feudal Age |
| 12:40 | Build | House |
| 13:13 | Build | Mill |
| 13:31 | Build | House |
| 13:34 | Build | Palisade Wall |
| 13:44 | Build | House |
| 13:57 | Build | House |
| 14:01 | Build | Palisade Wall |
| 14:10 | Create | Villager (Male) |
| 14:11 | Create | Villager (Male) |
| 14:44 | Age | Feudal Age |
| 14:46 | Build | Dock |
| 14:58 | Create | Villager (Male) |
| 14:59 | Create | Villager (Male) |
| 15:05 | Create | Unit 2626 |
| 15:23 | Build | Palisade Wall |
| 15:29 | Create | Villager (Male) |
| 15:29 | Create | Villager (Male) |
| 15:56 | Build | Lumber Camp |
| 16:30 | Create | Villager (Male) |
| 16:48 | Create | Fire Galley |
| 16:56 | Build | House |
| 16:59 | Build | Palisade Wall |
| 17:07 | Research | Double-Bit Axe |
| 17:10 | Create | Villager (Male) |
| 17:29 | Create | Fire Galley |
| 17:51 | Build | Market |
| 17:56 | Create | Villager (Male) |
| 18:03 | Build | Palisade Wall |
| 18:35 | Create | Fishing Ship |
| 18:35 | Create | Fishing Ship |
| 18:43 | Build | Blacksmith |
| 18:47 | Create | Villager (Male) |
| 18:49 | Create | Villager (Male) |
| 19:06 | Build | Lumber Camp |
| 19:13 | Research | Tech 906 |
| 19:18 | Research | Castle Age |
| 19:26 | Build | House |
| 19:34 | Build | House |
| 19:37 | Build | House |
| 19:41 | Build | House |
| 19:44 | Build | House |
| 19:49 | Build | House |
| 19:52 | Build | House |
| 19:54 | Build | House |
| 20:11 | Create | Villager (Male) |
| 20:21 | Create | Fire Galley |
| 20:33 | Research | Forging |
| 20:39 | Build | House |
| 21:27 | Build | Stable |
| 21:43 | Build | House |
| 21:45 | Build | Palisade Wall |
| 21:55 | Build | Palisade Wall |
| 22:08 | Create | Fire Galley |
| 22:09 | Create | Fire Galley |
| 22:14 | Create | Fire Galley |
| 22:14 | Create | Fire Galley |
| 22:17 | Age | Castle Age |
| 22:33 | Build | Town Center |
| 22:43 | Build | Castle |
| 22:48 | Create | Villager (Male) |
| 22:48 | Create | Villager (Male) |
| 22:48 | Create | Villager (Male) |
| 22:57 | Build | Town Center |
| 23:07 | Research | Fletching |
| 23:31 | Create | Villager (Male) |
| 23:31 | Create | Villager (Male) |
| 23:32 | Create | Villager (Male) |
| 23:34 | Build | House |
| 24:09 | Research | War Galley (upgrade) |
| 24:13 | Create | Fire Galley |
| 24:20 | Build | Dock |
| 24:34 | Create | Villager (Male) |
| 24:34 | Create | Villager (Male) |
| 24:37 | Build | University |
| 24:42 | Create | Villager (Male) |
| 24:42 | Create | Villager (Male) |
| 24:55 | Research | Gillnets |
| 24:59 | Create | Fire Galley |
| 25:11 | Create | Villager (Male) |
| 25:12 | Create | Villager (Male) |
| 25:12 | Create | Villager (Male) |
| 25:16 | Create | Villager (Male) |
| 25:16 | Create | Villager (Male) |
| 25:16 | Create | Villager (Male) |
| 25:16 | Create | Villager (Male) |
| 25:44 | Research | Treadmill Crane |
| 25:55 | Create | Villager (Male) |
| 25:55 | Create | Villager (Male) |
| 26:10 | Research | Gold Mining |
| 26:19 | Build | Stable |
| 26:24 | Create | Fishing Ship |
| 26:52 | Create | Villager (Male) |
| 26:52 | Create | Villager (Male) |
| 27:00 | Build | Monastery |
| 27:04 | Build | Mill |
| 27:11 | Build | Mill |
| 27:46 | Create | Villager (Male) |
| 27:46 | Create | Villager (Male) |
| 27:49 | Research | Town Watch |
| 27:55 | Build | Farm |
| 28:03 | Create | Villager (Male) |
Build order — CrabAML
First 150 of 218 actions detected
| 0:29 | Build | Town Center |
| 0:38 | Build | House |
| 0:40 | Build | House |
| 0:42 | Build | House |
| 2:27 | Build | Mill |
| 2:44 | Create | Villager (Male) |
| 2:44 | Create | Villager (Male) |
| 2:44 | Create | Villager (Male) |
| 2:45 | Create | Villager (Male) |
| 4:04 | Create | Villager (Male) |
| 4:27 | Create | Villager (Male) |
| 4:27 | Create | Villager (Male) |
| 4:27 | Create | Villager (Male) |
| 4:51 | Create | Villager (Male) |
| 4:51 | Create | Villager (Male) |
| 4:51 | Create | Villager (Male) |
| 4:51 | Create | Villager (Male) |
| 5:24 | Create | Villager (Male) |
| 5:24 | Create | Villager (Male) |
| 5:34 | Create | Villager (Male) |
| 5:34 | Create | Villager (Male) |
| 5:45 | Create | Villager (Male) |
| 5:45 | Create | Villager (Male) |
| 5:45 | Create | Villager (Male) |
| 6:17 | Create | Villager (Male) |
| 6:37 | Create | Villager (Male) |
| 6:37 | Create | Villager (Male) |
| 7:21 | Create | Villager (Male) |
| 7:21 | Create | Villager (Male) |
| 7:21 | Create | Villager (Male) |
| 8:13 | Build | Dock |
| 8:18 | Create | Villager (Male) |
| 8:25 | Build | House |
| 8:30 | Build | House |
| 8:45 | Create | Villager (Male) |
| 8:45 | Create | Villager (Male) |
| 9:46 | Create | Villager (Male) |
| 9:46 | Create | Villager (Male) |
| 9:47 | Create | Villager (Male) |
| 9:47 | Create | Villager (Male) |
| 9:52 | Create | Villager (Male) |
| 9:52 | Create | Villager (Male) |
| 9:52 | Create | Villager (Male) |
| 9:52 | Create | Villager (Male) |
| 9:58 | Create | Fishing Ship |
| 10:08 | Create | Fishing Ship |
| 10:47 | Create | Villager (Male) |
| 10:54 | Build | House |
| 10:55 | Build | House |
| 11:13 | Research | Feudal Age |
| 11:20 | Build | Mill |
| 11:59 | Create | Fishing Ship |
| 12:26 | Create | Villager (Male) |
| 12:26 | Create | Villager (Male) |
| 12:44 | Build | Barracks |
| 13:19 | Create | Villager (Male) |
| 13:41 | Build | Lumber Camp |
| 13:56 | Build | Farm |
| 13:57 | Build | Farm |
| 13:57 | Build | Farm |
| 13:57 | Build | Farm |
| 13:58 | Build | Farm |
| 13:58 | Build | Farm |
| 13:58 | Build | Farm |
| 14:00 | Build | Farm |
| 14:24 | Create | Fishing Ship |
| 14:59 | Create | Villager (Male) |
| 14:59 | Create | Villager (Male) |
| 15:05 | Build | Stable |
| 15:18 | Create | Villager (Male) |
| 15:24 | Create | Fishing Ship |
| 15:40 | Research | Double-Bit Axe |
| 15:41 | Create | Villager (Male) |
| 15:47 | Build | Blacksmith |
| 16:03 | Create | Scout Cavalry |
| 16:04 | Create | Scout Cavalry |
| 16:04 | Create | Scout Cavalry |
| 16:26 | Create | Galley |
| 16:26 | Create | Galley |
| 17:16 | Create | Fishing Ship |
| 17:17 | Create | Fishing Ship |
| 17:41 | Create | Villager (Male) |
| 17:41 | Create | Villager (Male) |
| 17:58 | Research | Scale Barding Armor |
| 18:04 | Build | House |
| 18:05 | Build | House |
| 18:06 | Build | House |
| 18:33 | Create | Unit 2626 |
| 18:34 | Create | Unit 2626 |
| 18:40 | Create | Villager (Male) |
| 19:00 | Create | Villager (Male) |
| 19:01 | Create | Villager (Male) |
| 19:01 | Create | Villager (Male) |
| 19:22 | Build | Farm |
| 19:22 | Build | Farm |
| 19:22 | Build | Farm |
| 19:22 | Build | Farm |
| 19:22 | Build | Farm |
| 19:23 | Build | Farm |
| 19:23 | Build | Farm |
| 19:29 | Create | Villager (Male) |
| 19:34 | Create | Scout Cavalry |
| 19:34 | Create | Scout Cavalry |
| 20:09 | Create | Scout Cavalry |
| 20:14 | Build | Farm |
| 20:14 | Build | Farm |
| 20:15 | Build | Farm |
| 20:15 | Build | Farm |
| 20:15 | Build | Farm |
| 20:15 | Build | Farm |
| 20:16 | Build | Farm |
| 20:20 | Build | Farm |
| 20:20 | Build | Farm |
| 20:20 | Build | Farm |
| 20:21 | Build | Farm |
| 20:21 | Build | Farm |
| 20:21 | Build | Farm |
| 20:22 | Build | Farm |
| 20:50 | Create | Villager (Male) |
| 20:50 | Create | Villager (Male) |
| 20:50 | Create | Villager (Male) |
| 21:12 | Build | Farm |
| 21:12 | Build | Farm |
| 21:12 | Build | Farm |
| 21:13 | Build | Farm |
| 21:13 | Build | Farm |
| 22:07 | Create | Villager (Male) |
| 22:07 | Create | Villager (Male) |
| 22:15 | Build | Farm |
| 22:47 | Create | Villager (Male) |
| 22:47 | Create | Villager (Male) |
| 23:25 | Research | Castle Age |
| 24:37 | Research | Forging |
| 25:06 | Build | Mining Camp |
| 25:29 | Build | House |
| 25:31 | Build | House |
| 25:34 | Build | Stable |
| 25:37 | Build | Stable |
| 25:40 | Create | Villager (Male) |
| 25:40 | Create | Villager (Male) |
| 25:40 | Create | Villager (Male) |
| 26:06 | Create | Villager (Male) |
| 26:09 | Build | House |
| 26:12 | Build | House |
| 26:18 | Build | House |
| 26:20 | Build | House |
| 26:27 | Build | House |
| 26:30 | Create | Villager (Male) |
| 26:30 | Create | Villager (Male) |
| 26:36 | Build | Stone Wall |
Match timeline
| 0:44 | CarbOS · first_building Dock |
| 8:13 | CrabAML · first_building Dock |
| 11:06 | CarbOS · first_building Barracks |
| 12:44 | CrabAML · first_building Barracks |
| 13:34 | CarbOS · wall_segment Palisade Wall x7 |
| 14:01 | CarbOS · wall_segment Palisade Wall x6 |
| 14:44 | CarbOS · age_up feudal |
| 15:05 | CrabAML · first_building Stable |
| 15:23 | CarbOS · wall_segment Palisade Wall x3 |
| 16:59 | CarbOS · wall_segment Palisade Wall x6 |
| 18:03 | CarbOS · wall_segment Palisade Wall x4 |
| 21:27 | CarbOS · first_building Stable |
| 21:45 | CarbOS · wall_segment Palisade Wall x1 |
| 21:55 | CarbOS · wall_segment Palisade Wall x1 |
| 22:17 | CarbOS · age_up castle |
| 22:43 | CarbOS · first_building Castle |
| 26:36 | CrabAML · wall_segment Stone Wall x1 |
| 27:00 | CarbOS · first_building Monastery |
| 29:28 | CrabAML · first_building Castle |
| 30:21 | CrabAML · first_building Siege Workshop |
| 36:35 | CrabAML · resign |
[ AI ANALYSIS · 1 CREDIT ]
What really happened in this match?
Wolo.gg analyzes every decision: build order, eco, micro, common mistakes by bracket. Personalized analysis on WhatsApp or Discord in 30 seconds.
Civ guide
Koreans
Map guide
Nomad
Perfil
Jugador #21046921